 Dungeon Crawl Stone Soup version 0.21-a0-504-g2eda330 (webtiles) character file.

1371 4thArraOfDagon the Firebug (level 8, -1/61 HPs)
             Began as a Deep Elf Fire Elementalist on Nov 26, 2017.
             Was an Initiate of Ru.
             Succumbed to an orc wizard's poison
             ... on level 5 of the Dungeon.
             The game lasted 00:06:43 (1041 turns).

4thArraOfDagon the Firebug (DEFE)                   Turns: 1041, Time: 00:06:44

Health: -1/61      AC: 24    Str:  5    XL:     8   Next: 38%
Magic:  1/20       EV:  2    Int: 23    God:    Ru [......]
Gold:   128        SH:  0    Dex: 15    Spells: 7/20 levels left

rFire    . . .     SeeInvis .   g - +0 battleaxe
rCold    . . .     Gourm    .   (shield currently unavailable)
rNeg     + + +     Faith    .   (armour currently unavailable)
rPois    +         Spirit   .   (helmet currently unavailable)
rElec    .         Reflect  .   (cloak currently unavailable)
rCorr    .         Harm     .   (gloves currently unavailable)
MR       .....     NoTele   +   (boots currently unavailable)
Stlth    ++........             (no amulet)
HPRegen  0.20/turn              (no ring)
MPRegen  0.17/turn              (no ring)

@: lethally poisoned (-1 -> -10), tree-form, very slightly contaminated
A: no striking features
a: Renounce Religion


You were on level 5 of the Dungeon.
You worshipped Ru.
Ru was noncommittal.
You were hungry.
You were a tree.
You visited 1 branch of the dungeon, and saw 8 of its levels.

You collected 128 gold pieces.

Inventory:

Hand Weapons
 g - a +0 battleaxe (weapon)
Armour
 a - a +0 robe (melded)
 i - a +0 pair of gloves (melded)
 j - a +0 helmet (melded)
Scrolls
 e - a scroll of fear {unknown}
 m - a scroll of amnesia {unknown}
Books
 b - a book of Flames

   Spells                             Type                      Level
   a - Flame Tongue                   Conjuration/Fire             1
   b - Throw Flame                    Conjuration/Fire             2
   c - Conjure Flame                  Conjuration/Fire             3
   d - Inner Flame                    Hexes/Fire                   3
   e - Sticky Flame                   Conjuration/Fire             4
   f - Fireball                       Conjuration/Fire             5
Comestibles
 c - 4 bread rations
 h - 6 chunks of flesh


   Skills:
 - Level 2.4 Dodging
 - Level 2.4 Stealth
 + Level 6.6 Spellcasting
 * Level 7.1 Conjurations
 * Level 7.9 Fire Magic


You had 7 spell levels left.
You knew the following spells:

 Your Spells              Type           Power        Failure   Level  Hunger
a - Flame Tongue          Conj/Fire      #####        1%          1    None
b - Conjure Flame         Conj/Fire      #####...     1%          3    None
c - Sticky Flame          Conj/Fire      #####...     3%          4    ###....
d - Fireball              Conj/Fire      #####.....   10%         5    #####..


Dungeon Overview and Level Annotations

Branches:
Dungeon (8/15)
 Temple: D:4-7         Lair: D:8-11

Altars:
Dithmenos
Ru
Vehumet

Annotations:
D:5 Edmund
D:6 4thArraOfDagon's ghost, novice DEFE
D:7 Phong's ghost, novice KoEn


Message History

* * * LOW HITPOINT WARNING * * *
You feel sick.
The orc wizard hits you with a dagger of venom.
* * * LOW HITPOINT WARNING * * *
You are more poisoned.
The orc wizard hits you but does no damage.
Unknown command.
You aren't carrying any potions.
You hit the orc wizard but do no damage.
The orc wizard is severely wounded.
You hit the orc wizard.
* * * LOW HITPOINT WARNING * * *
You feel sick. The orc wizard barely misses you.
The orc wizard hits you but does no damage. x4
Unknown command.
Unknown command.
You hit the orc wizard but do no damage.
The orc wizard is severely wounded.
You closely miss the orc wizard.
You die...

########
##########......#
######...............#
#......########......#
..###### ###..### ###
##.## #♣o# ##### #o##
#...# ###o# #...#
#..o# #...#
###.######.<.#
##............#
##........##...#
##..o.......#..##
......o.....#.##


You could see 2 orc wizards and 2 orcs.

Vanquished Creatures
  A two-headed ogre (D:8)
  A hungry ghost (D:8)
  An ice beast (D:7)
  2 centaurs
  2 bullfrogs
  A crimson imp (D:8)
  An orc priest (D:5)
  A bullfrog skeleton (D:7)
  A worker ant (D:8)
  A killer bee zombie (D:8)
  4 adders
  2 oozes
  A dart slug (D:2)
  A leopard gecko (D:1)
  10 orcs
  A giant cockroach (D:1)
  4 goblins
  2 hobgoblins (D:2)
  7 jackals
  3 kobolds
  A quokka (D:6)
  2 frilled lizards
  A rat (D:2)
51 creatures vanquished.

Vanquished Creatures (others)
  An orc priest (D:3)
  An adder zombie (D:5)
2 creatures vanquished.

Grand Total: 53 creatures vanquished

Notes
Turn   | Place    | Note
-------+----------+-------------------------------------------
     0 | D:1      | 4thArraOfDagon the Deep Elf Fire Elementalist began the quest for the Orb.
     0 | D:1      | Reached XP level 1. HP: 10/10 MP: 6/6
   175 | D:2      | Reached XP level 2. HP: 12/15 MP: 5/8
   387 | D:3      | Found a shadowy altar of Dithmenos.
   415 | D:4      | Reached XP level 3. HP: 19/19 MP: 6/9
   420 | D:4      | Learned a level 3 spell: Conjure Flame
   543 | D:5      | Entered Level 5 of the Dungeon
   550 | D:5      | Noticed Edmund
   575 | D:5      | You fall through a shaft for 3 floors!
   577 | D:8      | Noticed a two-headed ogre
   580 | D:8      | Noticed a bullfrog
   584 | D:8      | Killed a two-headed ogre
   584 | D:8      | Reached skill level 5 in Spellcasting
   584 | D:8      | Reached skill level 5 in Conjurations
   584 | D:8      | Reached XP level 4. HP: 19/24 MP: 0/13
   584 | D:8      | Reached XP level 5. HP: 23/28 MP: 0/15
   584 | D:8      | Reached XP level 6. HP: 26/32 MP: 0/16
   584 | D:8      | Reached XP level 7. HP: 29/36 MP: 0/17
   595 | D:8      | Learned a level 4 spell: Sticky Flame
   647 | D:8      | Found a sacrificial altar of Ru.
   652 | D:8      | Became a worshipper of Ru the Awakened
   711 | D:8      | Noticed a hungry ghost
   715 | D:8      | Killed a hungry ghost
   736 | D:8      | Reached XP level 8. HP: 18/41 MP: 4/19
   780 | D:8      | Learned a level 5 spell: Fireball
   806 | D:8      | Noticed a hornet
   878 | D:7      | Noticed Phong's ghost (novice KoEn)
   931 | D:7      | HP: 2/41 [ice beast (13)]
   949 | D:6      | HP: 2/41 [quokka (1)]
   959 | D:6      | Noticed 4thArraOfDagon's ghost (novice DEFE)
   964 | D:5      | Found a radiant altar of Vehumet.
  1026 | D:5      | HP: 1/41 [orc wizard/magic dart (8)]
  1039 | D:5      | HP: 3/61 [poisoned by an orc wizard]
  1040 | D:5      | HP: 1/61 [poisoned by an orc wizard]
  1041 | D:5      | Succumbed to an orc wizard's poison

Vault maps used:
D:1:      onia_arrival_pyramid
D:2:      lemuel_coloured_pillars_altar, lightli_temple_of_fire
D:3:      nicolae_dithmenos_shadow_blocks, gammafunk_temple_overflow_forgotten,
          gammafunk_temple_overflow_pools, lemuel_flame_loot_1
D:4:      grunt_gozag_breadcrumbs, nicolae_overflow_hidden_temple, first_bread,
          uniq_menkaure
D:5:      fiery_altar_vehumet, minmay_strange_pillars, uniq_edmund,
          uniq_crazy_yiuf_cottage
D:6:      grunt_ministairs_2, uniq_blork_the_orc, uniq_grinder,
          uniq_prince_ribbit1
D:7:      minmay_temple_entry_statues_fountains
D:8:      hangedman_cross_stitches, erik_lair_dragon, hangedman_pestilent_swarm,
          nicolae_ru_awakened_eye

Skill      XL: |  1  2  3  4  5  6  7  8 |
---------------+-------------------------+-----
Conjurations   | 2 5 6 7 |  7.1
Fire Magic     | 6 7 |  7.9
Spellcasting   | 5 6 |  6.6
Dodging        | |  2.4
Stealth        | |  2.4

Action                   |  1- 3 |  4- 6 |  7- 9 || total
-------------------------+-------+-------+-------++-------
Melee: Unarmed           |     7 |       |       ||     7
       Battleaxe         |       |       |    32 ||    32
 Cast: Flame Tongue      |    39 |       |    34 ||    73
       Conjure Flame     |     2 |       |     3 ||     5
       Sticky Flame      |       |       |    11 ||    11
  Use: Scroll            |     3 |       |     1 ||     4
       Potion            |       |       |     5 ||     5
  Eat: Chunk             |       |       |     3 ||     3
Armor: Robe              |     5 |       |    17 ||    22
       Skin              |       |       |    10 ||    10
Dodge: Dodged            |    16 |       |    72 ||    88

Table legend:
 A = Spawn XP
 B = Non-spawn XP
 C = Spawn XP percentage of total XP
 D = Spawn monster count
 E = Non-spawn monster count
 F = Spawn count percentage of total count
 G = Total turns spent on level
                    A         B        C        D         E        F      G
               +---------+---------+-------+---------+---------+-------+---------
         Total |       0 |    1959 |   0.0 |       0 |      51 |   0.0 |  1041
               +---------+---------+-------+---------+---------+-------+---------
           D:1 |       0 |      12 |   0.0 |       0 |       6 |   0.0 |   184
           D:2 |       0 |      23 |   0.0 |       0 |       9 |   0.0 |   195
           D:4 |       0 |      34 |   0.0 |       0 |       3 |   0.0 |   129
           D:5 |       0 |      59 |   0.0 |       0 |       5 |   0.0 |   102
           D:6 |       0 |       5 |   0.0 |       0 |       2 |   0.0 |    24
           D:7 |       0 |     399 |   0.0 |       0 |      12 |   0.0 |   129
           D:8 |       0 |    1427 |   0.0 |       0 |      14 |   0.0 |   243
               +---------+---------+-------+---------+---------+-------+---------
